 Dungeon Crawl Stone Soup version 0.27-b1-42-g19c61b19a5 (webtiles) character file.

Game seed: 7214690246206986868

90 vvl the Shield-Bearer (level 4, -2/31 HPs)
             Began as an Octopode Fighter on July 29, 2021.
             Killed by divine providence
             ... invoked by an orc priest
              (13 damage)
             ... on level 3 of the Dungeon.
             The game lasted 00:03:06 (1934 turns).

vvl the Shield-Bearer (Octopode Fighter)            Turns: 1934, Time: 00:03:06

Health: -2/31      AC:  1    Str: 16    XL:     4   Next: 56%
Magic:  5/5        EV: 11    Int: 10    God:
Gold:   70         SH:  8    Dex: 11    Spells: 4/4 levels left

rFire    . . .     SeeInvis .   c - +0 short sword
rCold    . . .     Faith    .   a - +0 kite shield
rNeg     . . .     Spirit   .   (helmet restricted)
rPois    .         Reflect  .   (no amulet)
rElec    .         Harm     .   (no ring)
rCorr    .         Rampage  .   (no ring)
Will     .....                  (no ring)
Stlth    +++.......             (no ring)
HPRegen  0.10/turn              (no ring)
MPRegen  0.09/turn              (no ring)
                                (no ring)
                                (no ring)

@: no status effects
A: almost no armour, amphibious, 8 rings, camouflage 1, gelatinous body 1,
(nimble swimmer 1), tentacles
a: no special abilities


You were on level 3 of the Dungeon.
You visited 1 branch of the dungeon, and saw 3 of its levels.

You collected 70 gold pieces.

Inventory:

Hand Weapons
 c - a +0 short sword (weapon)
Armour
 a - a +0 kite shield (worn)
Jewellery
 h - a +6 ring of intelligence
Scrolls
 d - 2 scrolls of amnesia {unknown}
 e - a scroll of vulnerability {unknown}
 f - a scroll of fog {unknown}
 g - a scroll of blinking {unknown}
 m - a scroll of identify {unknown}
Potions
 b - a potion of might
 i - 2 potions of flight {unknown}
 j - 2 potions of ambrosia {unknown}
 k - a potion of magic {unknown}
 l - a potion of haste {unknown}


   Skills:
 + Level 3.3 Fighting
 + Level 3.3 Dodging
 + Level 1.5 Stealth
 + Level 3.3 Shields
 + Level 2.4 Unarmed Combat
 + Level 0.9 Spellcasting
 + Level 1.2 Transmutations
 + Level 1.4 Poison Magic


You had 4 spell levels left.
You didn't know any spells.
Your spell library was empty.

Dungeon Overview and Level Annotations

Branches:
Dungeon (3/15)

Altars:
Ashenzari


Innate Abilities, Weirdness & Mutations

You cannot wear most types of armour.
You are amphibious.
You can wear up to eight rings at the same time.
Your skin changes colour to match your surroundings (Stealth+).
Your rubbery body absorbs attacks. (AC +1, EV +1)
((You are camouflaged near water. (Stealth+)))
You have tentacles for arms and can constrict up to eight enemies at once.


Message History

You constrict the orc.
You kill the orc!
You hit the orc. Your grab misses the orc. Your squeeze misses the orc.
The orc is lightly wounded.
The orc completely misses you.
You barely miss the orc. You grab the orc.
The orc is lightly wounded.
You constrict the orc. The orc hits you with a +0 club. x2
You hit the orc.
You kill the orc!
The orc barely misses you.
You hit the orc. You grab the orc.
The orc is heavily wounded.
You constrict the orc. The orc hits you with a +0 short sword.
You completely miss the orc. You squeeze the orc, but do no damage.
The orc is heavily wounded.
You constrict the orc.
You kill the orc!
The frilled lizard closely misses you.
You hit the frilled lizard.
You kill the frilled lizard!
You start resting.
HP restored.
Items here: )))) [ ††.
An orc is nearby!
The orc priest shouts!
A giant cockroach comes into view.
The orc priest calls down the wrath of Beogh upon you.
Beogh smites you!
The orc shouts!
The orc priest hits you with a +0 dagger.
You hit the orc priest but do no damage.
You grab the orc priest. You constrict the orc priest.
The orc priest completely misses you. The orc hits you with a +0 short sword!
You hit the orc priest.
The orc priest is heavily wounded.
You constrict the orc priest.
The orc priest calls down the wrath of Beogh upon you.
Beogh smites you!
You die...

# #.#.#.#
#.#####.#.#.#
#.......#...######
..........>.......
..................
###.##.........##
#.#...".......#
#...<..........#
#......@........
#.......oo.......
#..........B......
.................o
..................
..................
#................
#...............


You could see an orc priest, an orc and a giant cockroach.

Vanquished Creatures
  An orc priest (D:2)
  A dart slug (D:2)
  5 orcs
  4 ball pythons
  6 endoplasms
  2 giant cockroaches
  A goblin (D:1)
  8 hobgoblins
  6 jackals
  6 bats
  A frilled lizard (D:3)
  4 kobolds
  2 rats
47 creatures vanquished.

Notes
Turn   | Place    | Note
-------+----------+-------------------------------------------
     0 | D:1      | vvl the Octopode Fighter began the quest for the Orb.
     0 | D:1      | Reached XP level 1. HP: 16/16 MP: 1/1
   311 | D:1      | Reached XP level 2. HP: 18/21 MP: 2/2
   592 | D:1      | Found a faded altar of an unknown god.
   719 | D:1      | Reached skill level 1 in Poison Magic
   719 | D:1      | Reached XP level 3. HP: 22/26 MP: 3/3
  1000 | D:2      | Reached skill level 1 in Transmutations
  1004 | D:2      | Reached skill level 1 in Stealth
  1004 | D:2      | Reached XP level 4. HP: 21/31 MP: 3/5
  1685 | D:2      | Found a broken altar of Ashenzari.
  1934 | D:3      | Killed from afar by an orc priest

Illustrated notes

Levels and vault maps discovered:
D:1:      minmay_arrival_plants_in_alcoves, layout_loops_ring,
          shapermc_ecumenical_altar_pompeii, grunt_decor_cap
D:2:      layout_loops_ring, basic_altar
D:3:      layout_basic, columned_hall_lemuel, chequers_hall_statues_corner_a,
          minivault_27, uniq_ijyb

Skill      XL: |  1  2  3 |
---------------+----------+-----
Poison Magic   | 1 |  1.4
Transmutations | 1 |  1.2
Stealth        | 1 |  1.5
Fighting       | |  3.3
Dodging        | |  3.3
Shields        | |  3.3
Unarmed Combat | |  2.4
Spellcasting   | |  0.9

Action                   |  1- 3 |  4- 6 || total
-------------------------+-------+-------++-------
Melee: Short sword       |    62 |    39 ||   101
       Constrict         |    20 |    11 ||    31
       Tentacles         |     9 |     7 ||    16
       Unarmed           |     1 |       ||     1
 Stab: Sleeping          |     3 |     2 ||     5
Armor: Skin              |     9 |     2 ||    11
Dodge: Dodged            |    34 |    14 ||    48
Block: Kite shield       |    33 |    11 ||    44
